 Dungeon Crawl Stone Soup version 0.26-a0-597-gb535b0901c (webtiles) character file.

Game seed: 16127025720123042499

5 night the Sneak (level 1, 0/11 HPs)
             Began as a Vine Stalker Delver on Sept 3, 2020.
             Slain by a hound (1 damage)
             ... on level 5 of the Dungeon.
             The game lasted 00:01:04 (201 turns).

night the Sneak (Vine Stalker Delver)                Turns: 201, Time: 00:01:05

Health: 0/11       AC:  8    Str: 14    XL:     1   Next: 80%
Magic:  0/2        EV:  6    Int: 10    God:
Gold:   26         SH:  0    Dex: 15    Spells: 0/0 levels left

rFire    . . .     SeeInvis .     - Unarmed
rCold    . . .     Faith    .   (no shield)
rNeg     . . .     Spirit   +   h - +0 chain mail
rPois    .         Reflect  .   (no helmet)
rElec    .         Harm     .   (no cloak)
rCorr    .                      (no gloves)
MR       .....                  (no boots)
Stlth    ..........             (no amulet)
HPRegen  0.03/turn              (no ring)
MPRegen  0.08/turn              (no ring)

@: hasted, very quick
A: fangs 2, magic shield, antimagic bite, no potion heal 3, rot immunity
a: no special abilities


You were on level 5 of the Dungeon.
You visited 1 branch of the dungeon, and saw 1 of its levels.

You collected 26 gold pieces.

Inventory:

Armour
 a - a +0 leather armour
 h - a +0 chain mail (worn)
Wands
 f - a wand of digging (3)
Scrolls
 b - a scroll of fog
 c - a scroll of magic mapping
 g - a scroll of remove curse {unknown}


   Skills:
 + Level 2.8 Fighting
 - Level 1.5 Dodging
 - Level 6.0 Stealth
 * Level 2.3 Unarmed Combat


You couldn't memorise any spells.
You didn't know any spells.
Your spell library was empty.

Dungeon Overview and Level Annotations

Branches:
Dungeon (5/15)
 Temple: D:4-7

Altars:


Innate Abilities, Weirdness & Mutations

You have extremely sharp teeth.
When hurt, damage is shared between your health and your magic reserves.
Your bite disrupts and absorbs the magic of your enemies.
Potions cannot restore your health.
You are immune to rotting.


Message History

Ouch! That really hurt!
You see here 2 arrows.
You are too injured to fight recklessly!
You are too injured to fight recklessly!
As you read the scroll of fear, it crumbles to dust.
You assume a fearsome visage.
The centaur looks frightened!
Found 9 gold pieces.
A hound comes into view.
The hound barks!
The hound stops to sniff the ground.
The hound barely misses you. The hound bites you.
* * * LOW HITPOINT WARNING * * *
The hound bites you but does no damage.
There is an open door, spattered with blood here.
Okay, then.
You feel yourself speed up.
The hound bites you but does no damage. x2
There is an escape hatch in the ceiling here.
The hound bites you.
You die...

#..............#
#..............#
#..............#
#.....##.......#
##....####'#####
##.............#
#..............#
#..............#
#.@............#
#.h............#### ...
#..............#...
...#+######....##########.(.
#........#....#.......)....
#........#....#............
#........#....'............
#........#....#............
#........#†...#.........###


You could see a hound.

Vanquished Creatures
  An adder zombie (D:5)
  A giant cockroach (D:5)
2 creatures vanquished.

Notes
Turn   | Place    | Note
-------+----------+-------------------------------------------
     0 | D:5      | night the Vine Stalker Delver began the quest for the Orb.
     0 | D:5      | Reached XP level 1. HP: 11/11 MP: 2/2
   180 | D:5      | Noticed a centaur
   189 | D:5      | Noticed a hound
   193 | D:5      | HP: 1/11 [hound (3)]
   201 | D:5      | Slain by a hound

Illustrated notes

Levels and vault maps discovered:
D:5:      layout_gridville, nemelex_xobeh_ov_fountains_minmay

Action                   || total
-------------------------++-------
Melee: Unarmed           ||    17
       Bite              ||     6
  Use: Scroll            ||     1
       Potion            ||     1
Armor: Chain mail        ||    12
Dodge: Dodged            ||     7

Table legend: (Time is in decaauts)
 A = Elapsed time spent in this place.
 B = Non-inter-level travel time spent in this place.
 C = Inter-level travel time spent in this place.
 D = Time resting spent in this place.
 E = Time spent auto-exploring this place.
 F = Levels seen in this place.
 G = Mean time per level.
                   A        B        C        D        E       F      G
               +--------+--------+--------+--------+--------+-----+--------+
         Total |    198 |    198 |      0 |      0 |     67 |   1 |  198.0 |
       Dungeon |    198 |    198 |      0 |      0 |     67 |   1 |  198.0 |
               +--------+--------+--------+--------+--------+-----+--------+

Top non-repeatable levels by time:
     D:5: 198 daAuts
